 Dungeon Crawl Stone Soup version 0.29-a0-231-g945431f764 (webtiles) character file.

Game seed: 11084598829465318960

49 Aksej the Skirmisher (level 3, 0/29 HPs)
             Began as a Demonspawn Monk on Mar 1, 2022.
             Slain by an orc
             ... wielding a +0 short sword
              (4 damage)
             ... on level 2 of the Dungeon.
             The game lasted 00:06:50 (2265 turns).

Aksej the Skirmisher (Demonspawn Monk)              Turns: 2265, Time: 00:06:50

Health: 0/29       AC:  6    Str: 11    XL:     3   Next: 53%
Magic:  3/3        EV: 13    Int: 13    God:
Gold:   50         SH:  0    Dex: 15    Spells: 1/2 levels left

rFire   . . .      SeeInvis .   a - +0 mace
rCold   . . .      Faith    .   (no shield)
rNeg    . . .      Spirit   .   b - +0 robe
rPois   .          Reflect  .   (no helmet)
rElec   .          Harm     .   c - +2 cloak
rCorr   .          Rampage  .   i - +0 pair of gloves
Will    .....                   (no boots)
Stlth   ++........              (no amulet)
HPRegen 0.09/turn               (no ring)
MPRegen 0.08/turn               (no ring)

@: no status effects
A: powered by pain 2
a: no special abilities


You were on level 2 of the Dungeon.
You visited 1 branch of the dungeon, and saw 2 of its levels.

You collected 50 gold pieces.

Inventory:

Hand Weapons
 a - a +0 mace (weapon)
Missiles
 h - 4 boomerangs (quivered)
Armour
 b - a +0 robe (worn)
 c - a +2 cloak (worn)
 i - a +0 pair of gloves (worn)
Scrolls
 d - a scroll of magic mapping
 g - a scroll of identify


   Skills:
 * Level 3.4 Fighting
 + Level 3.2 Maces & Flails
 + Level 2.9 Dodging
 + Level 2.1 Stealth
 + Level 0.3 Spellcasting
 + Level 0.6 Necromancy


You had one spell level left.
You knew the following spells:

 Your Spells              Type           Power      Damage    Failure   Level
a - Animate Skeleton      Necr           4%         N/A       22%         1

Your spell library contained the following spells:

 Spells                   Type           Power      Damage    Failure   Level
 Apportation              Tloc           0%         N/A       30%         1
 Summon Small Mammal      Summ           0%         N/A       30%         1


Dungeon Overview and Level Annotations

Branches:
Dungeon (2/15)

Altars:

Annotations:
D:2 Terence


Innate Abilities, Weirdness & Mutations

You sometimes gain power by taking damage.


Message History

The orc wizard points at you and mumbles some strange words.
You are confused.
The orc barely misses you. The orc hits you but does no damage.
The orc wizard points at you and mumbles some strange words.
You are more confused.
The orc wizard casts a spell.
The orc wizard flickers and vanishes!
Deactivating autopickup; reactivate with Ctrl-A.
You bump into the rock wall.
The orc shouts!
The orc closely misses you.
The giant cockroach bites you but does no damage.
You hit the giant cockroach.
You kill the giant cockroach!
The orc hits you with a +0 short sword.
* * * LOW HITPOINT WARNING * * *
Something hits you but does no damage. The orc hits you with a +0 short sword.
* * * LOW HITPOINT WARNING * * *
You miss the orc. The orc closely misses you. Something barely misses you.
The orc hits you with a +0 short sword.
* * * LOW HITPOINT WARNING * * *
You hit the orc.
The orc is severely wounded.
The orc closely misses you.
You hear some strange, mumbled words.
Something tries to affect you, but you resist.
The orc completely misses you. The orc misses you.
Something hits you but does no damage.
You hit the orc.
The orc is almost dead.
You feel less confused. The orc closely misses you. The orc barely misses you.
Something hits you but does no damage. The orc closely misses you.
An adder comes into view.
The adder hisses angrily.
The orc closely misses you. The orc hits you with a +0 short sword.
You die...

#...#
#####..#
#......#
#......#
#......#
#.....o#
#......#
######o#
#@# #..#
#..#
#.S.
#.#.#
#....
##.#.# .
.#


You could see an adder and 2 orcs.

Vanquished Creatures
  An orc (D:2)
  A bat (D:1)
  5 endoplasms
  4 giant cockroaches
  3 hobgoblins
  3 jackals (D:1)
  6 quokkas
  5 ball pythons (D:1)
  2 frilled lizards
  7 goblins
  A kobold (D:1)
  3 rats
41 creatures vanquished.

Notes
Turn   | Place    | Note
-------+----------+-------------------------------------------
     0 | D:1      | Aksej the Demonspawn Monk began the quest for the Orb.
     0 | D:1      | Reached XP level 1. HP: 18/18 MP: 1/1
   607 | D:1      | Gained mutation: You sometimes gain a little power by
                  | taking damage. [demonic ancestry]
   607 | D:1      | Reached XP level 2. HP: 23/24 MP: 2/2
   609 | D:1      | Learned a level 1 spell: Animate Skeleton
  1223 | D:1      | Found a faded altar of an unknown god.
  1586 | D:1      | Gained mutation: You sometimes gain power by taking damage.
                  | [demonic ancestry]
  1586 | D:1      | Reached XP level 3. HP: 29/29 MP: 3/3
  2165 | D:2      | Noticed Terence
  2265 | D:2      | Slain by an orc

Illustrated notes

Levels and vault maps discovered:
D:1:      nzn_arrival_depleted_hourglass, layout_loops_corners,
          shapermc_ecumenical_altar_totnotflames,
          chequers_serial_rivers_micro_b, minivault_19, minmay_misc_feat_rows,
          minmay_tromino_i4
D:2:      layout_basic, uniq_jessica, uniq_terence

Skill      XL: |  1  2 |
---------------+-------+-----
Maces & Flails | 3 |  3.2
Stealth        | 2 |  2.1
Fighting       | |  3.4
Dodging        | |  2.9
Spellcasting   | |  0.3
Necromancy     | |  0.6

Action                   || total
-------------------------++-------
Melee: Mace              ||   152
       Punch             ||     2
Throw: Boomerang         ||    16
 Cast: Animate Skeleton  ||     9
  Use: Potion            ||     2
       Scroll            ||     5
 Stab: Sleeping          ||     9
Armor: Robe              ||    33
Dodge: Dodged            ||   140

Table legend: (Time is in decaauts)
 A = Elapsed time spent in this place.
 B = Non-inter-level travel time spent in this place.
 C = Inter-level travel time spent in this place.
 D = Time resting spent in this place.
 E = Time spent auto-exploring this place.
 F = Levels seen in this place.
 G = Mean time per level.
                   A        B        C        D        E       F      G
               +--------+--------+--------+--------+--------+-----+--------+
         Total |   2307 |   2299 |      8 |      0 |   1887 |   2 | 1153.5 |
       Dungeon |   2307 |   2299 |      8 |      0 |   1887 |   2 | 1153.5 |
               +--------+--------+--------+--------+--------+-----+--------+

Top non-repeatable levels by time:
     D:1: 1964 daAuts
     D:2: 342 daAuts
